 Dungeon Crawl Stone Soup version 0.21-a0-225-g207ae17 (webtiles) character file.

39 tidbits the Caller (level 3, -1/29 HPs)
             Began as a Draconian Wanderer on Aug 28, 2017.
             Was an Initiate of Cheibriados.
             Slain by a gnoll
             ... wielding a +0 whip
              (6 damage)
             ... on level 3 of the Dungeon.
             The game lasted 00:04:57 (343 turns).

tidbits the Caller (Draconian Wanderer)              Turns: 343, Time: 00:04:58

Health: -1/29      AC:  5    Str: 14    XL:     3   Next: 26%
Magic:  1/6        EV: 11    Int: 20    God:    Cheibriados [......]
Gold:   23         SH:  0    Dex: 11    Spells: 3/6 levels left

rFire    . . .     SeeInvis .   l - +0 falchion
rCold    . . .     Gourm    .   (no shield)
rNeg     . . .     Faith    .   (armour unavailable)
rPois    .         Spirit   .   (helmet restricted)
rElec    .         Reflect  .   (no cloak)
rCorr    .         Harm     .   (no gloves)
MR       .....                  (no boots)
Stlth    +.........             (no amulet)
HPRegen  0.09/turn              (no ring)
MPRegen  0.10/turn              (no ring)

@: brilliant, very slow
A: unfitting armour, cold-blooded, AC +5
a: Bend Time, Renounce Religion


You were on level 3 of the Dungeon.
You worshipped Cheibriados.
Cheibriados was noncommittal.
You were not hungry.

You visited 1 branch of the dungeon, and saw 4 of its levels.

You collected 23 gold pieces.

Inventory:

Hand Weapons
 d - a +0 club
 e - a +0 flail
 i - a +0 hand axe
 l - a +0 falchion (weapon)
Scrolls
 c - 2 scrolls of teleportation
 j - 2 scrolls of amnesia
 m - a scroll of immolation {unknown}
Potions
 h - a potion of magic
Books
 a - a book of Callings

   Spells                             Type                      Level
   a - Summon Small Mammal            Summoning                    1
   b - Call Imp                       Summoning                    2
   c - Call Canine Familiar           Summoning                    3
   d - Summon Guardian Golem          Hexes/Summoning              3
   e - Summon Lightning Spire         Summoning/Air                4
   f - Summon Ice Beast               Ice/Summoning                4
 b - the Incunabulum of the Birds

   Spells                             Type                      Level
   a - Swiftness                      Charms/Air                   2
   b - Poisonous Vapours              Poison/Air                   2
Comestibles
 f - a bread ration
 g - 3 fruits
 k - 2 chunks of flesh


   Skills:
 - Level 2.1 Fighting
   Level 2.6 Crossbows
 - Level 1.0 Stealth
   Level 1.0 Shields
 - Level 2.1 Spellcasting
 + Level 3.1 Summonings


You had 3 spell levels left.
You knew the following spells:

 Your Spells              Type           Power        Failure   Level  Hunger
i - Call Imp              Summ           ####....     1%          2    ##.....
z - Summon Small Mammal   Summ           ####         1%          1    #......


Dungeon Overview and Level Annotations

Branches:
Dungeon (4/15)
 Temple: D:4-7

Altars:
Cheibriados
Hepliaklqana
Nemelex Xobeh
Qazlal
Ru


Innate Abilities, Weirdness & Mutations

Your plain brown scales are hard. (AC +5)
You cannot fit into any form of body armour.
You are cold-blooded and may be slowed by cold attacks.


Message History

g - Guard the area. f - Follow me.
Anything else - Cancel.
Gang up on whom?
Press: ? - help, Dir - move target cursor, f/p - gnoll
Aim: a gnoll, wielding a spear (severely wounded) Attack!
Your shadow imp barely misses the gnoll.
The gnoll closely misses your shadow imp.
Something closely misses your shadow imp.
The gnoll misses your shadow imp.
Your crimson imp hits the gnoll.
The gnoll hits your shadow imp with a whip.
Casting: Call Imp
Confirm with . or Enter, or press ? or * to list all spells.
You don't have enough magic to cast that spell.
Your shadow imp barely misses the gnoll.
The gnoll hits your shadow imp with a spear.
Your shadow imp dies!
Your crimson imp hits the gnoll.
The gnoll closely misses your crimson imp.
The gnoll barely misses your crimson imp.
What are your orders? t - Shout!
Orders for allies: a - Attack new target. p - Attack previous target. r - Retreat! s - Stop attacking. g - Guard the area. f - Follow me.
Anything else - Cancel.
Gang up on whom?
Press: ? - help, Dir - move target cursor, f/p - gnoll
Aim: a gnoll, wielding a spear (almost dead) Attack!
Your crimson imp hits the gnoll.
The gnoll dies!
Cheibriados appreciates the change of pace.
You have reached level 3!
Your experience leads to an increase in your attributes!
Your base attributes are Str 13, Int 14, Dex 9.
Increase (S)trength, (I)ntelligence, or (D)exterity?
You feel agile.
Your scales feel tougher.
Okay, then.
Wield which item (- for none, * to show all)? (? for menu, Esc to quit)
l - a +0 falchion (weapon)
Your crimson imp hits the gnoll.
Casting: Call Imp
Confirm with . or Enter, or press ? or * to list all spells.
You don't have enough magic to cast that spell.
Casting: Call Imp
Confirm with . or Enter, or press ? or * to list all spells.
Your crimson imp hits the gnoll.
What are your orders? t - Shout!
Orders for allies: a - Attack new target. r - Retreat! s - Stop attacking. g - Guard the area. f - Follow me.
Anything else - Cancel.
Gang up on whom?
Press: ? - help, Dir - move target cursor, f - rat
Aim: a rat Attack!
The rat bites your quokka but does no damage.
Your quokka closely misses the rat.
The rat barely misses your quokka.
Your quokka bites the rat.
Your crimson imp barely misses the gnoll.
The rat barely misses your quokka.
Your quokka bites the rat.
The rat dies!
Cheibriados appreciates the change of pace.
Your crimson imp hits the gnoll but does no damage.
Your quokka bites the gnoll but does no damage.
What are your orders? t - Shout!
Orders for allies: a - Attack new target. r - Retreat! s - Stop attacking. g - Guard the area. f - Follow me.
Anything else - Cancel.
Gang up on whom?
Press: ? - help, Dir - move target cursor, f - gnoll
Aim: a gnoll, wielding a whip (lightly wounded) Attack!
Your crimson imp hits the gnoll.
Your quokka bites the gnoll.
The gnoll hits your quokka with a whip!
Your quokka dies!
Your quokka's corpse disappears in a puff of smoke!
Your crimson imp blinks!
Casting: Summon Small Mammal
Confirm with . or Enter, or press ? or * to list all spells.
Your bat hits the gnoll but does no damage.
You hit the gnoll.
The gnoll is moderately wounded.
Your bat barely misses the gnoll.
Your bat misses the gnoll. Your bat hits the gnoll. The gnoll misses you.
Your bat hits the gnoll but does no damage.
You slash the gnoll!
You kill the gnoll!
Cheibriados appreciates the change of pace.
Your Summonings skill increases to level 3!
The gnoll hits you with a whip!
* * * LOW HITPOINT WARNING * * *
It was a potion of brilliance.
You feel clever all of a sudden.
Your bat hits the gnoll but does no damage.
Your bat closely misses the gnoll.
The gnoll hits you with a whip.
You die...

##...####'###
#.# #....# #.#
#...## #.# ####
#.#####
####.#...
#....#.###.#
#.b#.......#
#..###.##..# #..
#gg@.......# #..
#.####.##.##
##... #.# #.# #
..... #g# #.#
#....#########.#
#.#.#
.<....)g.g§g.g.#
#.#.#
........######.#
#.#.# ..#.....#
#.# #.#.#
.....r#.# #.#
#.#.#


You could see 2 gnolls and a friendly bat.

Vanquished Creatures
  A gnoll (D:3)
  A worm (D:3)
  4 orcs
  2 bats
  A frilled lizard (D:1)
  2 rats
11 creatures vanquished.

Vanquished Creatures (collateral kills)
  A gnoll (D:3)
  An adder (D:3)
  2 giant cockroaches
  A quokka (D:3)
  3 rats (D:3)
8 creatures vanquished.

Grand Total: 19 creatures vanquished

Notes
Turn   | Place    | Note
-------+----------+-------------------------------------------
     0 | D:1      | tidbits the Draconian Wanderer began the quest for the Orb.
     0 | D:1      | tidbits set off with: a book of Callings, the Incunabulum of the Birds, a scroll of teleportation, a +0 club, a bread ration
     0 | D:1      | Reached XP level 1. HP: 17/17 MP: 3/3
     0 | D:1      | Identified the Incunabulum of the Birds
     2 | D:1      | Learned a level 1 spell: Summon Small Mammal
   125 | D:3      | Found a sacrificial altar of Ru.
   130 | D:3      | Found a hazy altar of Hepliaklqana.
   130 | D:3      | Found a stormy altar of Qazlal.
   133 | D:3      | Found a sparkling altar of Nemelex Xobeh.
   142 | D:3      | Found a snail-covered altar of Cheibriados.
   148 | D:3      | Became a worshipper of Cheibriados the Contemplative
   176 | D:3      | Reached XP level 2. HP: 14/24 MP: 0/5
   205 | D:3      | Reached skill level 2 in Summonings
   222 | D:4      | Learned a level 2 spell: Call Imp
   327 | D:3      | Reached XP level 3. HP: 11/29 MP: 1/6
   342 | D:3      | Reached skill level 3 in Summonings
   343 | D:3      | Slain by a gnoll

Vault maps used:
D:1:      lightli_arrival_windingriver, minmay_misc_feat_diagonals,
          kennysheep_decorative_pillar
D:2:      nicolae_overflow_crystal_walls
D:3:      lemuel_doored_altar, minitemple, kennysheep_generic_room_13,
          uniq_grinder
D:4:      first_bread

Skill      XL: |  1  2  3 |
---------------+----------+-----
Summonings     | 2 3 |  3.1
Fighting       | |  2.1
Crossbows      | |  2.6
Stealth        | |  1.0
Shields        | |  1.0
Spellcasting   | |  2.1

Action                   || total
-------------------------++-------
Melee: Club              ||    20
       Hand axe          ||    14
       Tailslap          ||     2
       Falchion          ||     2
 Cast: Summon Small Mamm ||    15
       Call Imp          ||     4
  Use: Scroll            ||     2
       Potion            ||     3
 Stab: Sleeping          ||     1
Armor: Skin              ||    12
Dodge: Dodged            ||    18

Table legend:
 A = Spawn XP
 B = Non-spawn XP
 C = Spawn XP percentage of total XP
 D = Spawn monster count
 E = Non-spawn monster count
 F = Spawn count percentage of total count
 G = Total turns spent on level
                    A         B        C        D         E        F      G
               +---------+---------+-------+---------+---------+-------+---------
         Total |       0 |      56 |   0.0 |       0 |      19 |   0.0 |   343
               +---------+---------+-------+---------+---------+-------+---------
           D:1 |       0 |       4 |   0.0 |       0 |       4 |   0.0 |    88
           D:3 |       0 |      43 |   0.0 |       0 |      12 |   0.0 |   203
           D:4 |       0 |       9 |   0.0 |       0 |       3 |   0.0 |    38
               +---------+---------+-------+---------+---------+-------+---------

Table legend:
 A = Turns spent in this place as a percentage of turns spent in the entire game.
 B = Non-inter-level travel turns spent in this place as a percentage of non-inter-level travel turns spent in the entire game.
 C = Inter-level travel turns spent in this place as a percentage of turns spent in this place.
 D = Turns resting spent in this place as a percentage of non-inter-level travel turns spent in this place.
 E = Turns spent auto-exploring this place as a percentage of non-inter-level travel turns spent in this place.
 F = Non-inter-level travel turns spent in this place divided by the number of levels of this place that you've seen.
                   A       B       C       D       E      F
               +-------+-------+-------+-------+-------+----------------------
         Total | 100.0 | 100.0 |   0.0 |   0.0 |   0.0 |  85.8
       Dungeon | 100.0 | 100.0 |   0.0 |   0.0 |   0.0 |  85.8
               +-------+-------+-------+-------+-------+----------------------

Table legend:
 A = Kills in this place as a percentage of kills in entire the game.
 B = Kills by you in this place as a percentage of kills by you in the entire game.
 C = Kills by friends in this place as a percentage of kills by friends in the entire game.
 D = Other kills in this place as a percentage of other kills in the entire game.
 E = Experience gained in this place as a percentage of experience gained in the entire game.
 F = Experience gained in this place divided by the number of levels of this place that you have seen.
                   A       B       C       D       E      F
               +-------+-------+-------+-------+-------+----------------------
         Total | 100.0 | 100.0 | 100.0 |   N/A | 100.0 |  14.0
       Dungeon | 100.0 | 100.0 | 100.0 |   N/A | 100.0 |  14.0
               +-------+-------+-------+-------+-------+----------------------

Vault maps used:
D:1:      lightli_arrival_windingriver, minmay_misc_feat_diagonals,
          kennysheep_decorative_pillar
D:2:      nicolae_overflow_crystal_walls
D:3:      lemuel_doored_altar, minitemple, kennysheep_generic_room_13,
          uniq_grinder
D:4:      first_bread
